 Dungeon Crawl Stone Soup version 0.28.0-45-g0d030f2227 (webtiles) character file.

Game seed: 8607880008649860465

206 CryoSword the Grasshopper (level 5, -5/43 HPs)
             Began as a Gnoll Warper on Apr 19, 2022.
             Killed from afar by an orc wizard (7 damage)
             ... with a puff of flame
             ... on level 3 of the Dungeon.
             The game lasted 00:03:17 (2205 turns).

CryoSword the Grasshopper (Gnoll Warper)            Turns: 2205, Time: 00:03:18

Health: -5/43      AC:  4    Str: 13    XL:     5   Next: 84%
Magic:  1/12       EV: 13    Int: 12    God:
Gold:   122        SH:  0    Dex: 11    Spells: 1/14 levels left

rFire   . . .      SeeInvis .   g - +1 short sword (vamp)
rCold   . . .      Faith    .   (no shield)
rNeg    . . .      Spirit   .   b - +0 leather armour
rPois   .          Reflect  .   (no helmet)
rElec   .          Harm     .   j - +0 cloak
rCorr   .          Rampage  .   (no gloves)
Will    .....                   (no boots)
Stlth   +.........              (no amulet)
HPRegen 0.14/turn               (no ring)
MPRegen 0.13/turn               (no ring)

@: attractive, very slightly contaminated
A: fangs 1, strong nose, distributed training
a: no special abilities


You were on level 3 of the Dungeon.
You visited 1 branch of the dungeon, and saw 3 of its levels.

You collected 122 gold pieces.

Inventory:

Hand Weapons
 a - a +0 spear
 g - a +1 vampiric short sword (weapon)
   (You took it off a kobold on level 2 of the Dungeon)
Missiles
 d - 5 boomerangs of dispersal (quivered) {!f}
 e - 5 poisoned darts
Armour
 b - a +0 leather armour (worn)
 j - a +0 cloak (worn)
   (You found it on level 2 of the Dungeon)
Scrolls
 c - 2 scrolls of blinking
 f - a scroll of silence {unknown}
 h - a scroll of enchant armour {unknown}
 i - 2 scrolls of noise {unknown}
 l - a scroll of fear {unknown}
 m - 2 scrolls of identify {unknown}
 n - a scroll of teleportation {unknown}
 o - a scroll of fog {unknown}


   Skills:
 + Level 4.8 Fighting
 + Level 1.6 Short Blades
 + Level 1.6 Long Blades
 + Level 1.6 Axes
 + Level 1.6 Maces & Flails
 + Level 4.8 Polearms
 + Level 1.6 Staves
 + Level 1.6 Slings
 + Level 1.6 Bows
 + Level 1.6 Crossbows
 + Level 3.1 Throwing
 + Level 3.1 Armour
 + Level 4.8 Dodging
 + Level 1.6 Stealth
 + Level 1.6 Shields
 + Level 1.6 Unarmed Combat
 + Level 5.2 Spellcasting
 + Level 1.3 Conjurations
 + Level 1.3 Hexes
 + Level 1.3 Summonings
 + Level 1.3 Necromancy
 + Level 5.6 Translocations
 + Level 1.3 Transmutations
 + Level 1.3 Fire Magic
 + Level 1.3 Ice Magic
 + Level 1.3 Air Magic
 + Level 1.3 Earth Magic
 + Level 1.3 Poison Magic
 + Level 1.9 Invocations
 + Level 1.6 Evocations


You had one spell level left.
You knew the following spells:

 Your Spells              Type           Power      Damage    Failure   Level
a - Gell's Gravitas       Tloc           16%        N/A       8%          3
b - Teleport Other        Tloc           16%        N/A       8%          3
c - Manifold Assault      Tloc           16%        N/A       56%         5
B - Blink                 Tloc           32%        N/A       3%          2

Your spell library contained the following spells:

 Spells                   Type           Power      Damage    Failure   Level
 Lesser Beckoning         Tloc           16%        N/A       8%          3


Dungeon Overview and Level Annotations

Branches:
Dungeon (3/15)

Altars:

Shops:
D:2 [


Innate Abilities, Weirdness & Mutations

You have very sharp teeth.
Your uncanny sense of smell can sniff out nearby items.
Your experience applies equally to all skills.


Message History

You hit the goblin.
You kill the goblin!
No target in view!
You see here a +0 dagger.
A rat comes into view.
A rat is nearby!
A rat is nearby!
A rat is nearby!
The rat closely misses you.
You hit the rat.
You kill the rat!
No target in view!
No target in view!
No target in view!
No target in view!
No target in view!
No target in view!
No target in view!
No target in view!
An orc comes into view. It is wielding a +0 club.
An orc is nearby!
An orc is nearby!
The orc shouts! 2 orc wizards and a dart slug come into view.
A goblin comes into view. It is wielding a +0 dagger.
The orc wizard moves out of view.
The orc hits you with a +0 club.
You puncture the orc!
You feel better.
You kill the orc!
An orc comes into view. It is wielding a +0 hand axe.
An orc comes into view. It is wielding a +0 mace.
The orc moves out of view.
The dart slug bites you but does no damage.
An orc wizard comes into view. It is wielding a +0 dagger.
The goblin shouts!
You hit the dart slug.
You bite the dart slug, but do no damage.
You hear a shout!
The orc wizard shouts!
You hit the dart slug. You bite the dart slug.
You hear a shout! x2
The dart slug launches a dart at you. The slug dart misses you.
You hit the dart slug.
You feel better.
You kill the dart slug!
The goblin barely misses you.
You hit the goblin.
You kill the goblin!
You hit the orc wizard.
The orc wizard hits you but does no damage.
You hit the orc wizard. Your bite misses the orc wizard.
The orc wizard closely misses you. The orc closely misses you.
The orc wizard points at you and mumbles some strange words.
The puff of flame misses you.
The orc wizard points at you and mumbles some strange words.
The puff of flame hits you!
The orc wizard mumbles some strange words.
The orc wizard flickers and vanishes!
Deactivating autopickup; reactivate with Ctrl-A.
The orc wizard gestures at you while chanting.
The puff of flame hits you.
The orc wizard points at you and mumbles some strange words.
The magic dart hits you.
You closely miss the orc wizard.
The orc wizard points at you and mumbles some strange words.
The magic dart hits you!
* * * LOW HITPOINT WARNING * * *
You hit the orc wizard but do no damage.
The orc wizard casts a spell at you. The puff of flame hits you!
* * * LOW HITPOINT WARNING * * *
You hit the orc wizard.
You feel better.
You bite the orc wizard.
The orc wizard hits you with a +0 dagger.
* * * LOW HITPOINT WARNING * * *
You hit the orc wizard. The orc wizard barely misses you.
You closely miss the orc wizard. The orc wizard closely misses you.
You barely miss the orc wizard.
You bite the orc wizard, but do no damage.
The orc wizard hits you but does no damage.
You hit the orc wizard.
You feel better.
You punch the orc wizard, but do no damage.
The orc wizard hits you with a +0 dagger.
* * * LOW HITPOINT WARNING * * *
You barely miss the orc wizard.
The orc wizard hits you with a +0 dagger.
* * * LOW HITPOINT WARNING * * *
You hit the orc wizard.
You kill the orc wizard!
It was a potion of attraction.
You feel attractive to monsters.
You miss something. The orc wizard casts a spell at you.
The puff of flame hits something!
You aren't carrying any potions.
Unknown command.
Unknown command.
Blink to where?
As you read the scroll of blinking, it crumbles to dust.
Something is attracted toward you. The orc wizard is attracted toward you.
Something is attracted toward you.
An orc wizard appears from thin air!
Reactivating autopickup.
The orc wizard is attracted toward you.
You hit the orc wizard.
You feel better.
You bite the orc wizard, but do no damage.
The orc wizard closely misses you.
You hit the orc wizard but do no damage.
The orc wizard barely misses you.
The orc wizard casts a spell.
The orc wizard flickers and vanishes!
Deactivating autopickup; reactivate with Ctrl-A.
You hit the orc wizard.
You feel better. The orc wizard closely misses you.
The orc is attracted toward you.
You closely miss the orc wizard.
The orc wizard hits you with a +0 dagger.
* * * LOW HITPOINT WARNING * * *
You hit the orc wizard. You bite the orc wizard.
You kill the orc wizard!
The orc is attracted toward you.
You hit something. Your bite misses something. Something hits you.
* * * LOW HITPOINT WARNING * * *
You barely miss something.
You hear some strange, mumbled words.
Something tries to affect you, but you resist.
You hit something but do no damage. Something hits you but does no damage.
You barely miss something. Something hits you.
* * * LOW HITPOINT WARNING * * *
Unknown command.
Aim: an orc, wielding a +0 hand axe (chance to affect: 72%)
You miscast Teleport Other.
You are very lightly contaminated with residual magic.
Nothing appears to happen.
Something hits you but does no damage.
Aim: an orc, wielding a +0 hand axe (chance to affect: 72%) Nothing appears to happen.
Something barely misses you.
Aim: an orc, wielding a +0 hand axe (chance to affect: 72%) Nothing appears to happen.
Something hits you but does no damage.
Aim: an orc, wielding a +0 hand axe (chance to affect: 72%) Nothing appears to happen.
You hear some strange, mumbled words.
A magic dart appears from out of thin air!
The magic dart hits you.
* * * LOW HITPOINT WARNING * * *
You barely miss something. Something hits you but does no damage.
You miss something. Your bite misses something.
Something hits you but does no damage. Something hits you.
* * * LOW HITPOINT WARNING * * *
You miss something.
You hear some strange, mumbled words.
A puff of flame appears from out of thin air!
The puff of flame hits you!
You die...

##########.###...#
#...........##....
#.########o..)....
#....o.§§.o....†..
#.########........
#o# #.....).. #o#
#####...# #{#
###.# #####@# .#
#.....# .. #.###.#
.. #.###.#### .
#.#.#....#
##.#.#≈...#
#....#≈≈..#
#..#.#8≈).#
#..#.#≈≈.##


You could see 2 orcs.

Vanquished Creatures
  2 orc wizards (D:3)
  Natasha (thrice) (D:2)
  A gnoll (D:1)
  3 adders (D:2)
  2 dart slugs
  An orc (D:3)
  3 bats
  4 endoplasms
  3 giant cockroaches
  3 goblins
  2 hobgoblins
  4 jackals (D:1)
  5 quokkas
  2 ball pythons (D:1)
  8 frilled lizards
  8 kobolds
  4 rats
58 creatures vanquished.

Notes
Turn   | Place    | Note
-------+----------+-------------------------------------------
     0 | D:1      | CryoSword the Gnoll Warper began the quest for the Orb.
     0 | D:1      | Reached XP level 1. HP: 20/20 MP: 6/6
    61 | D:1      | Reached XP level 2. HP: 12/26 MP: 7/7
   683 | D:1      | Reached XP level 3. HP: 28/31 MP: 9/9
   781 | D:1      | Found a faded altar of an unknown god.
   896 | D:2      | Reached skill level 5 in Spellcasting
   976 | D:2      | Reached skill level 1 in Invocations
  1127 | D:2      | Reached skill level 1 in Short Blades
  1127 | D:2      | Reached skill level 1 in Long Blades
  1127 | D:2      | Reached skill level 1 in Axes
  1127 | D:2      | Reached skill level 1 in Maces & Flails
  1127 | D:2      | Reached skill level 1 in Staves
  1127 | D:2      | Reached skill level 1 in Slings
  1127 | D:2      | Reached skill level 1 in Bows
  1127 | D:2      | Reached skill level 1 in Crossbows
  1127 | D:2      | Reached skill level 1 in Stealth
  1127 | D:2      | Reached skill level 1 in Shields
  1127 | D:2      | Reached skill level 1 in Unarmed Combat
  1127 | D:2      | Reached skill level 1 in Evocations
  1296 | D:2      | Found Xyvufef's Armour Shoppe.
  1380 | D:2      | Reached XP level 4. HP: 36/38 MP: 11/11
  1382 | D:2      | Noticed Natasha
  1580 | D:2      | Killed Natasha
  1581 | D:2      | Reached skill level 1 in Conjurations
  1581 | D:2      | Reached skill level 1 in Hexes
  1581 | D:2      | Reached skill level 1 in Summonings
  1581 | D:2      | Reached skill level 1 in Necromancy
  1581 | D:2      | Reached skill level 1 in Transmutations
  1581 | D:2      | Reached skill level 1 in Fire Magic
  1581 | D:2      | Reached skill level 1 in Ice Magic
  1581 | D:2      | Reached skill level 1 in Air Magic
  1581 | D:2      | Reached skill level 1 in Earth Magic
  1581 | D:2      | Reached skill level 1 in Poison Magic
  1810 | D:2      | Noticed Natasha
  1824 | D:2      | Killed Natasha
  1825 | D:2      | Reached XP level 5. HP: 35/43 MP: 12/12
  1828 | D:2      | Learned a level 2 spell: Blink
  1832 | D:2      | Learned a level 3 spell: Gell's Gravitas
  1836 | D:2      | Learned a level 3 spell: Teleport Other
  1842 | D:2      | Learned a level 5 spell: Manifold Assault
  1858 | D:2      | Noticed Natasha
  1872 | D:2      | Killed Natasha
  2204 | D:3      | HP: 2/43 [something (1)]
  2205 | D:3      | Killed from afar by an orc wizard

Illustrated notes

Levels and vault maps discovered:
D:1:      minmay_arrival_semitransparent, layout_rooms,
          dilly_ecumenical_altar_fadedgnrine, serial_bayou_crossing
D:2:      layout_rooms, serial_shops, shop, minmay_octomino_c4, uniq_natasha
D:3:      layout_loops_ring, nrook_mini_vaults, moated_statue,
          kennysheep_generic_room_15

Skill      XL: |  1  2  3  4  5 |
---------------+----------------+-----
Spellcasting   | 5 |  5.2
Invocations    | 1 |  1.9
Short Blades   | 1 |  1.6
Long Blades    | 1 |  1.6
Axes           | 1 |  1.6
Maces & Flails | 1 |  1.6
Staves         | 1 |  1.6
Slings         | 1 |  1.6
Bows           | 1 |  1.6
Crossbows      | 1 |  1.6
Stealth        | 1 |  1.6
Shields        | 1 |  1.6
Unarmed Combat | 1 |  1.6
Evocations     | 1 |  1.6
Conjurations   | 1 |  1.3
Hexes          | 1 |  1.3
Summonings     | 1 |  1.3
Necromancy     | 1 |  1.3
Transmutations | 1 |  1.3
Fire Magic     | 1 |  1.3
Ice Magic      | 1 |  1.3
Air Magic      | 1 |  1.3
Earth Magic    | 1 |  1.3
Poison Magic   | 1 |  1.3
Throwing       | 3 |  3.1
Armour         | 3 |  3.1
Fighting       | |  4.8
Polearms       | |  4.8
Dodging        | |  4.8
Translocations | |  5.6

Action                   |  1- 3 |  4- 6 || total
-------------------------+-------+-------++-------
Melee: Spear             |   108 |       ||   108
       Bite              |    12 |    12 ||    24
       Short sword       |    36 |   119 ||   155
       Punch             |     2 |     1 ||     3
 Cast: Teleport Other    |       |     3 ||     3
       Gell's Gravitas   |       |     1 ||     1
  Use: Scroll            |       |     1 ||     1
       Potion            |       |     1 ||     1
 Stab: Sleeping          |     1 |     1 ||     2
Armor: Leather armour    |    42 |    29 ||    71
Dodge: Dodged            |    97 |    56 ||   153
